 Dungeon Crawl Stone Soup version 0.24.0-35-gdb84b6a5db (webtiles) character file.

Game seed: 17325578386592262606, levelgen mode: deterministic

683 lilbarb the Sneak (level 7, -8/36 HPs)
             Began as a Spriggan Fighter on Nov 17, 2019.
             Was an Initiate of Trog.
             Killed by divine providence
             ... invoked by an orc priest
              (14 damage)
             ... on level 5 of the Dungeon.
             The game lasted 00:26:10 (5959 turns).

lilbarb the Sneak (Spriggan Fighter)                Turns: 5959, Time: 00:26:10

Health: -8/36      AC:  5    Str: 13    XL:     7   Next: 35%
Magic:  8/8        EV: 20    Int:  9    God:    Trog [......]
Gold:   278        SH: 14    Dex: 17    Spells: 6/6 levels left

rFire    . . .     SeeInvis +   a - +0 spear
rCold    . . .     Gourm    .   c - +1 buckler
rNeg     . . .     Faith    .   n - +0 robe
rPois    .         Spirit   .   (helmet restricted)
rElec    .         Reflect  +   h - +2 cloak
rCorr    .         Harm     .   (gloves unavailable)
MR       +....                  (boots unavailable)
Stlth    ++++......             y - +6 amulet of reflection
HPRegen  0.12/turn              (no ring)
MPRegen  0.11/turn              (no ring)

@: very quick
A: very small, unfitting armour, see invisible, herbivore, speed 3, slow
metabolism 2
a: Renounce Religion


You were on level 5 of the Dungeon.
You worshipped Trog.
Trog was noncommittal.
You were not hungry.

You visited 1 branch of the dungeon, and saw 5 of its levels.

You collected 278 gold pieces.

Inventory:

Hand Weapons
 a - a +0 spear (weapon)
 b - a +2 dagger of venom
Missiles
 j - 132 stones (quivered)
Armour
 c - a +1 buckler (worn)
 h - a +2 cloak (worn)
 n - a +0 robe (worn)
Jewellery
 e - an uncursed ring of flight
 p - an uncursed amulet of rage {unknown}
 y - a +6 amulet of reflection (around neck)
Scrolls
 g - 3 scrolls of teleportation
 l - 2 scrolls of fear
 m - a scroll of remove curse
Potions
 d - 3 potions of might
 i - a potion of flight
 k - a potion of berserk rage
 q - 2 potions of invisibility
 r - 2 potions of haste
 s - 2 potions of lignification
 t - a potion of mutation {unknown}
 w - a potion of degeneration {unknown}
 x - 2 potions of curing
Comestibles
 f - 11 rations


   Skills:
 - Level 3.0 Fighting
 - Level 3.0 Polearms
 - Level 5.4 Dodging
 + Level 6.9 Stealth
 + Level 4.0 Shields


You had 6 spell levels left.
You didn't know any spells.
Your spell library was empty.

Dungeon Overview and Level Annotations

Branches:
Dungeon (5/15)
 Temple: D:4-7

Altars:
Cheibriados
Hepliaklqana
Kikubaaqudgha
Trog
Wu Jian
Xom


Innate Abilities, Weirdness & Mutations

You are very small and have problems with some larger weapons.
You are too small for most types of armour.
You have supernaturally acute eyesight. (SInv)
You are a herbivore.
You cover ground extremely quickly.
You need to consume almost no food.


Message History

The orc priest is moderately wounded.
You block the orc priest's attack.
Attack whom?
Press: ? - help, Dir - move target cursor, f/p - orc priest
Aim: an orc priest, wielding a -3 trident (moderately wounded)
You reach to attack!
You hit the orc priest but do no damage.
The orc priest is moderately wounded.
You block the orc priest's attack.
Attack whom?
Press: ? - help, Dir - move target cursor, f/p - orc priest
Aim: an orc priest, wielding a -3 trident (moderately wounded)
You reach to attack!
You hit the orc priest.
The orc priest is moderately wounded.
The orc priest calls down the wrath of Beogh upon you.
Beogh smites you!
* * * LOW HITPOINT WARNING * * *
The orc priest invokes the aid of Beogh against you.
Beogh smites you!
You die...

###+###
#.....#
#.....#
#.....#
#.....#
#####.....#
#..@...)###
#.#####o#
#.# #..)#
##########.#
#...#
#..........#
#...#
##.#########
#...# #.#
....# #.#
##### #.#


You could see an orc priest.

Vanquished Creatures
  A hungry ghost (D:4)
  A necrophage (D:5)
  A scorpion (D:4)
  A crimson imp (D:4)
  An orc priest (D:4)
  A hound (D:4)
  An orc wizard (D:4)
  A worker ant (D:4)
  Robin (D:2)
  4 gnolls (D:2)
  A howler monkey skeleton (D:4)
  7 adders
  A white imp (D:4)
  An ooze (D:4)
  An adder skeleton (D:5)
  A worm (D:2)
  5 dart slugs
  A leopard gecko (D:1)
  13 orcs
  A ball python (D:4)
  5 giant cockroaches
  15 goblins
  16 hobgoblins
  13 jackals
  9 kobolds
  3 quokkas
  6 bats
  6 frilled lizards
  5 rats
123 creatures vanquished.

Notes
Turn   | Place    | Note
-------+----------+-------------------------------------------
     0 | D:1      | lilbarb the Spriggan Fighter began the quest for the Orb.
     0 | D:1      | Reached XP level 1. HP: 11/11 MP: 2/2
   218 | D:1      | Reached XP level 2. HP: 6/16 MP: 3/3
   871 | D:1      | Reached XP level 3. HP: 19/19 MP: 4/4
  1245 | D:2      | Found a shimmering altar of Xom.
  1247 | D:2      | Found a shimmering altar of Xom.
  1248 | D:2      | Found a shimmering altar of Xom.
  1262 | D:2      | Found a shimmering altar of Xom.
  1273 | D:2      | Noticed Robin
  1342 | D:2      | Reached skill level 5 in Dodging
  1347 | D:2      | Killed Robin
  1486 | D:2      | Reached XP level 4. HP: 8/23 MP: 5/5
  1741 | D:2      | Found a shimmering altar of Xom.
  1743 | D:2      | Found a shimmering altar of Xom.
  2981 | D:2      | Found an ornate altar of the Wu Jian Council.
  3152 | D:3      | Reached XP level 5. HP: 28/28 MP: 6/6
  3168 | D:3      | Reached skill level 1 in Stealth
  3496 | D:3      | Found a snail-covered altar of Cheibriados.
  3505 | D:3      | Reached skill level 2 in Stealth
  4422 | D:4      | Found a hazy altar of Hepliaklqana.
  4440 | D:4      | Found a bloodstained altar of Trog.
  4445 | D:4      | Became a worshipper of Trog the Wrathful
  4484 | D:4      | Noticed a hungry ghost
  4603 | D:4      | Killed a hungry ghost
  4603 | D:4      | Reached skill level 4 in Stealth
  4603 | D:4      | Reached XP level 6. HP: 32/32 MP: 7/7
  4730 | D:4      | Reached skill level 5 in Stealth
  5001 | D:4      | Found an ancient bone altar of Kikubaaqudgha.
  5119 | D:4      | Reached skill level 6 in Stealth
  5119 | D:4      | Reached XP level 7. HP: 36/36 MP: 8/8
  5428 | D:5      | Entered Level 5 of the Dungeon
  5959 | D:5      | Killed from afar by an orc priest

Levels and vault maps discovered:
D:1:      scummos_arrival_checkerplants, layout_loops_cross, minmay_3d_cube
D:2:      layout_loops_ring, xom_redecorated, lemuel_doored_altar, first_ration,
          dk_vineyard_1, uniq_robin
D:3:      layout_rooms, cheibriados_altar_1, serial_forest,
          infiniplex_forest_straight_5, infiniplex_forest_lined_2,
          infiniplex_forest_lined_room_, infiniplex_forest_clump_C,
          infiniplex_forest_straight_4, infiniplex_forest_end_3,
          infiniplex_forest_corner_2, minmay_pentangle
D:4:      layout_loops_corners, kiku_gazebo_garden_becter, bloody_trog,
          nicolae_overflow_hidden_temple, minmay_fire_ice_demons
D:5:      layout_basic, zin_treasury, enter_ossuary_4

Skill      XL: |  1  2  3  4  5  6  7 |
---------------+----------------------+-----
Polearms       | 2 3 |  3.0
Dodging        | 5 |  5.4
Fighting       | 3 |  3.0
Stealth        | 4 6 |  6.9
Shields        | 3 4 |  4.0

Action                   |  1- 3 |  4- 6 |  7- 9 || total
-------------------------+-------+-------+-------++-------
Melee: Spear             |   148 |    88 |   100 ||   336
       Dagger            |    34 |   133 |     2 ||   169
Throw: Stone             |    26 |    36 |       ||    62
  Use: Scroll            |       |     7 |     5 ||    12
 Stab: Sleeping          |     2 |     9 |     4 ||    15
       Distracted        |       |     1 |       ||     1
  Eat: Ration            |       |     1 |     1 ||     2
Armor: Robe              |    15 |     6 |     1 ||    22
Dodge: Dodged            |    74 |    73 |    27 ||   174
Block: Buckler           |    28 |    52 |    45 ||   125
       Reflection        |       |     2 |     1 ||     3
